 Dungeon Crawl Stone Soup version 0.29-a0-817-g9904bce7a6 (webtiles) character file.

Game seed: 2376163388775292274

34646 xian the Unseen (level 13, -2/69 HPs)
             Began as a Spriggan Delver on July 5, 2022.
             Was an Initiate of Gozag.
             Slain by a meliai
             ... wielding a +0 war axe
              (9 damage)
             ... on level 13 of the Dungeon on July 6, 2022.
             The game lasted 01:03:17 (16373 turns).

xian the Unseen (Spriggan Delver)                  Turns: 16373, Time: 01:03:18

Health: -2/69      AC:  3    Str:  8    XL:     13   Next: 43%
Magic:  14/14      EV: 30    Int: 11    God:    Gozag
Gold:   3144       SH: 10    Dex: 30    Spells: 12/12 levels left

rFire   . . .      SeeInvis +   E - +3 sling "Erevvum" {vorpal, rC+}
rCold   + . .      Faith    .   t - +1 buckler
rNeg    . . .      Spirit   .   x - +1 robe "Hios" {Harm Regen+ Dex+2}
rPois   .          Reflect  .   (helmet restricted)
rElec   .          Harm     +   w - scarf {shadows}
rCorr   .          Rampage  .   (gloves unavailable)
Will    ++...                   (boots unavailable)
Stlth   +++++++...              k - amulet of regeneration
HPRegen 1.81/turn               j - +4 ring of slaying
MPRegen 0.14/turn               I - +6 ring of dexterity

@: mighty, lethally poisoned (-2 -> -5), gold aura, very quick
A: very small, no large weapons, unfitting armour, see invisible, speed 3
a: Renounce Religion, Potion Petition, Call Merchant, Bribe Branch


You were on level 13 of the Dungeon.
You worshipped Gozag.
Gozag was most pleased with you.
You visited 4 branches of the dungeon, and saw 17 of its levels.

You collected 4879 gold pieces.
You spent 1626 gold pieces at shops.
You paid 109 gold pieces to Gozag.

Inventory:

Hand Weapons
 p - a +2 falchion of flaming
 E - the +3 sling "Erevvum" (weapon) {vorpal, rC+}
   (You found it on level 9 of the Dungeon)

   Any ammunition fired from it inflicts extra damage upon your enemies.
   rC:        It protects you from cold.
Missiles
 s - 30 poisoned darts
 C - 9 curare-tipped darts
Armour
 t - a +1 buckler (worn)
 w - a scarf of shadows (worn)
 x - the +1 robe "Hios" (worn) {Harm Regen+ Dex+2}
   (You bought it in a shop on level 6 of the Dungeon)

   Dex:       It affects your dexterity (+2).
   Regen:     It increases your rate of health regeneration.
   Harm:      It increases damage dealt and taken.
 z - an orb of wrath
Jewellery
 j - a +4 ring of slaying (left hand)
 k - an amulet of regeneration (around neck)
 y - a +6 ring of intelligence
 I - a +6 ring of dexterity (right hand)
Wands
 g - a wand of digging (2)
 A - a wand of iceblast (17)
 D - a wand of quicksilver (4)
 L - a wand of polymorph (9)
 M - a wand of mindburst (14)
 N - a wand of paralysis (3)
Scrolls
 a - a scroll of blinking
 b - 2 scrolls of amnesia
 c - 2 scrolls of fog
 d - 3 scrolls of magic mapping
 e - 4 scrolls of fear
 r - 7 scrolls of teleportation
 B - 7 scrolls of identify
 H - 2 scrolls of poison
 K - 2 scrolls of summoning
Potions
 f - 5 potions of haste
 h - 9 potions of curing
 i - 3 potions of flight
 l - 3 potions of lignification
 m - 6 potions of mutation
 n - 2 potions of might
 o - 5 potions of brilliance
 q - a potion of magic
 u - a potion of degeneration {unknown}
 v - a potion of heal wounds
 F - a potion of invisibility
 G - a potion of attraction
 J - a potion of ambrosia


   Skills:
 + Level 8.5 Fighting
 + Level 3.4(7.3) Short Blades
 + Level 7.8(8.0) Long Blades
 + Level 13.5 Ranged Weapons
 + Level 3.1 Throwing
 + Level 10.4 Dodging
 + Level 15.1 Stealth
 + Level 4.4 Shields
 + Level 1.1 Evocations


You had 12 spell levels left.
You didn't know any spells.
Your spell library contained the following spells:

 Spells                   Type           Power      Damage    Failure   Level
 Summon Small Mammal      Summ           0%         N/A       56%         1
 Call Canine Familiar     Summ           0%         N/A       90%         3
 Dazzling Flash           Conj/Hex       0%         N/A       90%         3
 Ozocubu's Armour         Ice            0%         N/A       90%         3
 Portal Projectile        Hex/Tloc       0%         N/A       90%         3
 Stone Arrow              Conj/Erth      0%         3d7       90%         3
 Summon Guardian Golem    Hex/Summ       0%         N/A       90%         3
 Animate Armour           Summ/Erth      0%         N/A       100%        4
 Iskenderun's Mystic Bla  Conj/Tloc      0%         2d3       100%        4
 Leda's Liquefaction      Hex/Erth       0%         N/A       100%        4
 Olgreb's Toxic Radiance  Pois           0%         N/A       100%        4
 Passage of Golubria      Tloc           0%         N/A       100%        4
 Metabolic Englaciation   Hex/Ice        0%         N/A       100%        5
 Silence                  Hex/Air        0%         N/A       100%        5
 Starburst                Conj/Fire      0%         6d3       100%        6
 Ozocubu's Refrigeration  Ice            0%         4d5       100%        7
 Ignition                 Fire           0%         3d3       100%        8
 Lehudib's Crystal Spear  Conj/Erth      0%         10d2      100%        8
 Simulacrum               Ice/Necr       Unusable   N/A       N/A         6

Dungeon Overview and Level Annotations

Branches:
Dungeon (13/15)            Temple (1/1) D:4            Lair (2/6) D:9
    Orc (1/2) D:12
  Swamp: Lair:2-4    Shoals: Lair:2-4     Snake: Lair:2-4    Spider: Lair:2-4
 Vaults: D:13-14

Altars:
Ashenzari
Cheibriados
Dithmenos
Elyvilon
Fedhas
Gozag
Hepliaklqana
Kikubaaqudgha
Makhleb
Nemelex Xobeh
Okawaru
Qazlal
Ru
Sif Muna
Trog
Uskayaw
Vehumet
Wu Jian
Xom
Yredelemnul
Zin
The Shining One

Shops:
D:5 !   D:6 [((   D:10 *=


Innate Abilities, Weirdness & Mutations

You are very small and have problems with some larger weapons.
You are too small for most types of armour.
You have supernaturally acute eyesight. (SInv)
You cover ground extremely quickly. (Speed+++)


Message History

Press: ? - help, Q - select action, (/) - cycle Shift-Dir - straight line, f - meliai
Aim: a meliai, wielding a +0 war axe and wearing a +0 robe (lightly wounded, 69% to hit)
You shoot a sling bullet.
The sling bullet closely misses the meliai.
The meliai completely misses you. x2
Fire: E) +3 sling "Erevvum" {vorpal, rC+}
Press: ? - help, Q - select action, (/) - cycle Shift-Dir - straight line, f - orc knight, p - meliai
Aim: an orc knight, wielding a +1 great sword of protection and wearing a +0 chain mail (heavily wounded, fleeing, 75% to hit)
You shoot a sling bullet. The sling bullet hits the orc knight.
The orc knight is heavily wounded.
The meliai invokes the aid of its god against you.
Something smites you!
* * * LOW HITPOINT WARNING * * *
You block the meliai's attack. The meliai completely misses you.
You feel very mighty all of a sudden.
The meliai invokes the aid of its god against you.
Something smites you!
* * * LOW HITPOINT WARNING * * *
You block the meliai's attack. The meliai misses you.
Unknown command.
Really attack while wielding the +3 sling "Erevvum" {vorpal, rC+}? [Y]es or [N]o only, please.
Really attack while wielding the +3 sling "Erevvum" {vorpal, rC+}? [Y]es or [N]o only, please.
Really attack while wielding the +3 sling "Erevvum" {vorpal, rC+}? [Y]es or [N]o only, please.
Really attack while wielding the +3 sling "Erevvum" {vorpal, rC+}?
Okay, then.
You feel much better. You block the meliai's attack. The meliai misses you.
The meliai completely misses you. The meliai stings you.
You are poisoned.
The meliai poisons you!
You feel very sick. The meliai hits you with a +0 war axe!
* * * LOW HITPOINT WARNING * * *
The meliai closely misses you. The meliai attacks as you move away!
The meliai barely misses you. The meliai stings you!
You die...
Your body crumbles into a pile of gold.

^.... ##........#.#
.##. ########...## .
#≈≈≈≈#####.#..#
#≈...#........#
#≈...#....###.# ######
≈...#....# #.#
.y.y$y##
..#....###.#####
#..### #y............#
###..###.@$.[........#
#....######..y.....#
#.##.yyy.o.........#
#.#########........# $
### #........#
#.^......# #........#
#........# #........#


You could see 2 meliai.

Vanquished Creatures
  A hydra (Lair:2)
  A centaur warrior (D:13)
  A two-headed ogre (D:9)
  A skeletal warrior (D:12)
  3 ugly things
  A manticore (D:11)
  3 cyclopes
  A gargoyle (D:11)
  A cane toad (Lair:2)
  3 unseen horrors
  2 rime drakes (Lair:2)
  A kobold demonologist (D:10)
  4 komodo dragons
  5 trolls
  A polar bear (Lair:2)
  A hornet (D:6)
  A meliai (D:13)
  8 slime creatures
  A shadow (D:12)
  2 vampires
  A spriggan (Lair:2)
  2 wraiths
  A wyvern (D:7)
  75 yaks
  A basilisk (D:12)
  A golden eye (shapeshifter) (D:13)
  A steam dragon (D:8)
  8 vampire mosquitoes
  Menkaure (D:7)
  A warg (Orc:1)
  5 acid dragons
  5 water moccasins
  18 orc warriors
  3 ice beasts
  12 ogres
  4 black bears
  The ghost of blackman the Chopper, an amateur HuCK of Xom (D:3)
  8 wolves (Lair:2)
  9 centaurs
  9 bullfrogs
  2 kobold brigands
  5 gnoll sergeants
  3 scorpions
  4 necrophages
  15 wights
  9 killer bees
  A howler monkey (D:4)
  8 orc priests
  A gnoll bouda (Lair:1)
  A hound (D:5)
  6 jellies
  2 iguanas
  14 orc wizards
  18 gnolls
  10 adders
  4 white imps
  2 worms
  2 dart slugs
  45 orcs
  7 ball pythons
  3 bats (D:3)
  7 endoplasms
  3 giant cockroaches
  8 goblins
  10 hobgoblins
  4 quokkas
  2 frilled lizards
  23 kobolds
  10 rats
437 creatures vanquished.

Vanquished Creatures (others)
  A vampire (D:13)
  A scorpion (D:4)
  An adder (D:4)
  An orc (D:4)
  17 fungi
  24 plants
45 creatures vanquished.

Grand Total: 482 creatures vanquished

Notes
Turn   | Place    | Note
-------+----------+-------------------------------------------
     0 | D:5      | xian the Spriggan Delver began the quest for the Orb.
     0 | D:5      | Reached XP level 1. HP: 11/11 MP: 2/2
    40 | D:5      | Found Kaifium's Distillery.
   435 | D:2      | Reached XP level 2. HP: 16/16 MP: 3/3
   459 | D:2      | Reached skill level 8 in Stealth
   580 | D:2      | Reached XP level 3. HP: 19/19 MP: 4/4
  1460 | D:1      | Reached XP level 4. HP: 23/23 MP: 5/5
  1636 | D:1      | Found a faded altar of an unknown god.
  1819 | D:2      | Reached skill level 9 in Stealth
  2287 | D:3      | Found a snail-covered altar of Cheibriados.
  2375 | D:3      | Found a runed translucent gate.
  2375 | D:3      | Found a runed translucent gate.
  2376 | D:3      | Found a runed translucent gate.
  2378 | D:3      | Noticed a kobold brigand
  2378 | D:3      | Noticed blackman's ghost (amateur HuCK)
  2617 | D:3      | Found a hazy altar of Hepliaklqana.
  2833 | D:4      | Noticed a necrophage
  2835 | D:4      | Found a shimmering altar of Xom.
  2835 | D:4      | Noticed a necrophage
  2836 | D:4      | Noticed a scorpion
  2845 | D:4      | Killed a scorpion
  2872 | D:4      | Reached XP level 5. HP: 22/28 MP: 6/6
  2889 | D:4      | Noticed a black bear
  2937 | D:4      | Found a glowing golden altar of the Shining One.
  2937 | D:4      | Found a radiant altar of Vehumet.
  2962 | D:4      | Found a staircase to the Ecumenical Temple.
  3039 | D:4      | Reached skill level 1 in Long Blades
  3084 | D:4      | Reached skill level 10 in Stealth
  3084 | D:4      | Reached XP level 6. HP: 30/32 MP: 7/7
  3193 | D:4      | Found a sparkling altar of Nemelex Xobeh.
  3286 | D:4      | Found an ornate altar of the Wu Jian Council.
  3658 | Temple   | Entered the Ecumenical Temple
  3730 | Temple   | Became a worshipper of Gozag Ym Sagoz the Greedy
  3948 | D:4      | Reached XP level 7. HP: 36/36 MP: 8/8
  4004 | D:4      | Reached skill level 11 in Stealth
  4664 | D:5      | Identified the +0 chain mail "Hugi Ups" {rElec rC+ Str+7
                  | Int-2}
  4857 | D:5      | Reached skill level 12 in Stealth
  4857 | D:5      | Reached XP level 8. HP: 38/40 MP: 9/9
  4882 | D:5      | Found a shimmering blue altar of Sif Muna.
  4962 | D:5      | Found a blossoming altar of Fedhas.
  5697 | D:6      | Found Uwagamom's Antique Armour Emporium.
  5708 | D:6      | Bought a runed scarf for 200 gold pieces
  5708 | D:6      | Bought a fabulously ornate robe for 142 gold pieces
  5708 | D:6      | Identified the +1 robe "Hios" {Harm Regen+ Dex+2} (You
                  | bought it in a shop on level 6 of the Dungeon)
  5879 | D:6      | Reached skill level 5 in Dodging
  5879 | D:6      | Reached skill level 1 in Shields
  5944 | D:6      | Noticed a hornet
  5952 | D:6      | Killed a hornet
  5994 | D:6      | Found Bonaegum's Antique Weapon Emporium.
  6021 | D:6      | Found Ikog's Weapon Emporium.
  6030 | D:6      | Reached skill level 5 in Long Blades
  6052 | D:6      | Reached skill level 13 in Stealth
  6218 | D:6      | Reached XP level 9. HP: 26/45 MP: 10/10
  6246 | D:6      | Reached skill level 1 in Throwing
  6726 | D:7      | Noticed Menkaure
  6737 | D:7      | Killed Menkaure
  7023 | D:5      | Bought a potion of might for 56 gold pieces
  7100 | D:6      | Bought a glowing rapier for 203 gold pieces
  7207 | D:8      | Found an ancient bone altar of Kikubaaqudgha.
  7213 | D:8      | Reached skill level 14 in Stealth
  7621 | D:9      | Reached XP level 10. HP: 51/51 MP: 11/11
  7660 | D:9      | Found a staircase to the Lair.
  7792 | D:9      | Reached skill level 5 in Fighting
  7995 | D:9      | Reached skill level 15 in Stealth
  8200 | D:9      | Identified the +3 sling "Erevvum" {vorpal, rC+}
  8261 | D:9      | Noticed a two-headed ogre
  8283 | D:9      | Killed a two-headed ogre
  8284 | D:9      | Reached skill level 1 in Ranged Weapons
  8550 | D:10     | Entered Level 10 of the Dungeon
  8702 | D:10     | Found Uvyhyphu's Jewellery Shoppe.
  8833 | D:10     | Reached XP level 11. HP: 56/56 MP: 12/12
  8888 | D:10     | Found a hide-covered altar of Uskayaw.
  9122 | D:10     | Found Zin's Purification Station.
  9128 | D:10     | Found a glowing silver altar of Zin.
  9205 | D:11     | Reached skill level 5 in Ranged Weapons
  9757 | D:11     | You fall into a shaft and drop 1 floor!
  9965 | D:11     | Noticed a white ugly thing
  9974 | D:11     | Killed a white ugly thing
 10460 | D:12     | Noticed a brown ugly thing
 10495 | D:12     | Killed a brown ugly thing
 10496 | D:12     | Reached XP level 12. HP: 49/62 MP: 13/13
 10594 | D:12     | Reached skill level 10 in Dodging
 10655 | D:12     | Found a staircase to the Orcish Mines.
 10802 | D:12     | Reached skill level 10 in Ranged Weapons
 11213 | Orc:1    | Entered Level 1 of the Orcish Mines
 12096 | D:13     | Noticed a centaur warrior
 12115 | D:13     | Killed a centaur warrior
 12367 | D:10     | Bought a +6 ring of dexterity for 468 gold pieces
 12469 | Lair:1   | Entered Level 1 of the Lair of Beasts
 13728 | Lair:2   | Reached XP level 13. HP: 68/68 MP: 14/14
 15595 | D:6      | Bought a runed orb for 300 gold pieces
 15648 | D:6      | Bought a glowing dagger for 145 gold pieces
 15694 | D:5      | Bought a potion of ambrosia for 112 gold pieces
 15834 | D:3      | Killed blackman's ghost
 16368 | D:13     | Reached skill level 1 in Evocations
 16373 | D:13     | Slain by a meliai

Illustrated notes

Levels and vault maps discovered:
D:1:      spicycebolla_green_bress_n_ham, layout_basic,
          shapermc_ecumenical_altar_petra
D:2:      layout_basic
D:3:      layout_loops_ring, mainiacjoe_overflow_boulevard,
          nicolae_hepliaklqana_hippocampus, gammafunk_ghost_nasty_kobolds
D:4:      minmay_razor_zed, layout_layer_cave, nemelex_dance_club_becter,
          mainiacjoe_overflow_alcove_1, gammafunk_temple_overflow_statue,
          xom_confusion_cloud, minmay_temple_entry_tees
D:5:      layout_layer_cave, mainiacjoe_overflow_24_doors, old_standard_altar,
          serial_shops, kennysheep_mini_moat, due_unseen_surprise
D:6:      layout_basic, serial_shops, nicolae_shop_overgrown_old_shop, shop,
          nicolae_shop_bloodbath_and_beyond
D:7:      layout_rooms, uniq_menkaure
D:8:      layout_loops_cross, lemuel_doored_altar
D:9:      layout_roguey, dpeg_oklobed_lair
D:10:     layout_rooms, eat_drink_and_be_merry_uskayaw, zin_purify,
          serial_shops, nicolae_diamond_shop, glass_columns_a
D:11:     layout_loops_ring
D:12:     layout_long_grid, kennysheep_orc_monster_closet_entryway
D:13:     layout_rooms, serial_rivers, chequers_serial_rivers_micro_d,
          chequers_serial_rivers_large_b, chequers_serial_rivers_room_a,
          chequers_serial_rivers_room_b, minivault_5,
          nicolae_qazlal_scattered_showers
Temple:   compressed_dpeg_circular_temple
Lair:1:   layout_cave_pods, dreamdust_gnoll_shepherd, grunt_megastairs_5
Lair:2:   layout_layer_cave, forest_entry_grove
Orc:1:    layout_caves, basic_altar

Skill      XL: |  1  2  3  4  5  6  7  8  9 10 11 12 13 |
---------------+----------------------------------------+-----
Stealth        | 8 9 10 12 13 14 15 | 15.1
Short Blades   | 3 |  3.4
Dodging        | 3 4 5 7 8 9 10 | 10.4
Long Blades    | 1 2 3 5 6 7 |  7.8
Fighting       | 3 4 5 6 7 8 |  8.5
Shields        | 1 2 3 4 |  4.4
Throwing       | 2 3 |  3.1
Ranged Weapons | 2 9 12 13 | 13.5
Evocations     | 1 |  1.1

Action                   |  1- 3 |  4- 6 |  7- 9 | 10-12 | 13-15 || total
-------------------------+-------+-------+-------+-------+-------++-------
Melee: Short sword       |    60 |    30 |       |       |       ||    90
       Falchion          |       |    68 |   197 |    84 |       ||   349
       Punch             |       |     1 |       |       |       ||     1
 Fire: Sling             |       |       |       |   787 |   271 ||  1058
Throw: Dart              |       |     2 |    11 |    14 |       ||    27
Evoke: Wand              |       |       |       |       |     2 ||     2
  Use: Scroll            |       |     7 |     9 |     5 |     2 ||    23
       Potion            |       |       |     1 |     4 |     3 ||     8
 Stab: Sleeping          |    13 |    18 |    24 |     2 |       ||    57
       Distracted        |       |     1 |     5 |       |       ||     6
Armor: Robe              |     4 |     3 |     9 |     6 |     3 ||    25
Dodge: Dodged            |    28 |    92 |   136 |   309 |    90 ||   655
Block: Buckler           |       |     4 |    50 |   141 |    30 ||   225

Table legend: (Time is in decaauts)
 A = Elapsed time spent in this place.
 B = Non-inter-level travel time spent in this place.
 C = Inter-level travel time spent in this place.
 D = Time resting spent in this place.
 E = Time spent auto-exploring this place.
 F = Levels seen in this place.
 G = Mean time per level.
                   A        B        C        D        E       F      G
               +--------+--------+--------+--------+--------+-----+--------+
         Total |  11005 |  10344 |    661 |    135 |   5573 |  17 |  647.4 |
       Dungeon |   8840 |   8203 |    637 |    135 |   4195 |  13 |  680.0 |
        Temple |     58 |     58 |      0 |      0 |     31 |   1 |   58.0 |
          Lair |   1609 |   1585 |     24 |      0 |   1174 |   2 |  804.5 |
  Orcish Mines |    497 |    497 |      0 |      0 |    172 |   1 |  497.0 |
               +--------+--------+--------+--------+--------+-----+--------+

Top non-repeatable levels by time:
     D:4: 1071 daAuts
    D:12: 989 daAuts
  Lair:2: 984 daAuts
     D:9: 941 daAuts
     D:5: 905 daAuts
     D:6: 728 daAuts
    D:11: 694 daAuts
     D:1: 679 daAuts
     D:3: 672 daAuts
  Lair:1: 625 daAuts
     D:8: 581 daAuts
   Orc:1: 497 daAuts
    D:10: 469 daAuts
     D:2: 459 daAuts
     D:7: 357 daAuts
